[Event "Titled Tuesday Blitz April 25 Late 2023"]
[White "Quesada Perez, Yasser"]
[Black "Piesik, Piotr"]
[WhiteFideId "3509362"]
[BlackFideId "1136194"]
[WhiteElo "2496"]
[BlackElo "2299"]
[Result "0-1"]
[Round "07"]
[TimeControl "180+2"]
[Date "2023.04.25"]
[WhiteClock "0:00:01"]
[BlackClock "0:00:09"]

1. e4 g6 2. d4 Bg7 3. Nf3 c6 4. Nc3 d6 5. Bc4 Nf6 6. Bb3 O-O 7. O-O Qc7 8. h3 e5 9. Re1 Re8 10. dxe5 dxe5 11. Be3 Be6 12. Qd3 Na6 13. Bxe6 Rxe6 14. Rad1 Ree8 15. Qc4 Rad8 16. a3 Rd7 17. Rxd7 Nxd7 18. Rd1 Nf8 19. Qd3 Ne6 20. Qd7 Qxd7 21. Rxd7 Nac5 22. Rd2 a5 23. b4 axb4 24. axb4 Na6 25. Na2 Bf8 26. c3 f6 27. Rd7 Re7 28. Rd2 Kf7 29. Nc1 Ke8 30. Nb3 Rd7 31. Na5 Nd8 32. Bb6 Nc7 33. Kf1 Nb5 34. c4 Rxd2 35. Nxd2 Na3 36. c5 Nc2 37. Ndc4 Nxb4 38. Ke2 Ne6 39. Nxb7 Na6 40. Nba5 Kd7 41. f3 Bxc5 42. g3 Nd4+ 43. Kf2 Nc2+ 44. Bxc5 Nxc5 45. Nb6+ Kc7 46. Nbc4 Nd4 47. Ke3 Ncb3 48. Nxb3 Nxb3 49. f4 exf4+ 50. gxf4 Nc5 51. f5 Nd7 52. Kf4 c5 53. h4 Kc6 54. h5 gxh5 55. Kg3 Ne5 56. Ne3 c4 57. Nd5 Nd7 58. Kh4 Kc5 59. Kxh5 Kd4 60. Nb6 Nxb6 0-1


[Site "https://www.chess.com"]

[Event "Titled Tuesday Blitz April 25 Late 2023"]
[White "Di Berardino, Diego Rafael"]
[Black "Donchenko, Alexander"]
[WhiteFideId "2105446"]
[BlackFideId "24603295"]
[WhiteElo "2432"]
[BlackElo "2542"]
[Result "0-1"]
[Round "07"]
[TimeControl "180+2"]
[Date "2023.04.25"]
[WhiteClock "0:00:01"]
[BlackClock "0:00:55"]

1. e4 c6 2. d4 d5 3. exd5 cxd5 4. c4 Nf6 5. Nc3 Nc6 6. Bg5 dxc4 7. d5 Ne5 8. Qd4 h6 9. Bf4 Ng6 10. Bxc4 Nxf4 11. Qxf4 g5 12. Qd2 Bg7 13. Nf3 O-O 14. O-O a6 15. a3 b5 16. Ba2 Bb7 17. Rad1 Qd6 18. Rfe1 Rac8 19. Nd4 Rfe8 20. Nf5 Qd7 21. Nxg7 Kxg7 22. Qd4 Kg8 23. h3 Qd6 24. h4 Qf4 25. hxg5 Qxd4 26. Rxd4 hxg5 27. Re5 Nh7 28. Bb1 f6 29. Re6 Nf8 30. Rb6 Rc7 31. Be4 Nd7 32. d6 Nxb6 33. dxc7 Bxe4 34. Nxe4 Rc8 35. Rd8+ Kf7 36. Rxc8 Nxc8 37. Nc5 a5 38. a4 bxa4 39. Nxa4 Ke6 40. Nc5+ Kd6 41. Nb7+ Kxc7 42. Nxa5 Kb6 43. Nc4+ Kc5 44. Ne3 Kb4 45. g3 Kb3 46. f4 gxf4 47. gxf4 Kxb2 48. Kf2 Kc3 49. Kf3 Kd4 50. Nf5+ Kd5 51. Ng7 Nd6 52. Kg4 Ke4 53. Ne6 Nf7 54. Nc5+ Kd5 55. Nd3 Kd4 56. Nb4 Ke4 57. Nc6 e6 58. Kg3 f5 59. Nb8 Nh8 60. Nd7 Ng6 61. Nc5+ Kd5 62. Nd3 Kd4 63. Nb4 Ke4 64. Na6 Nxf4 65. Nc5+ Ke3 66. Nd7 Ng6 0-1


[Site "https://www.chess.com"]

[Event "Titled Tuesday Blitz April 25 Late 2023"]
[White "Schnaider, Ilan"]
[Black "Mekhitarian, Krikor Sevag"]
[WhiteFideId "169013"]
[BlackFideId "2107660"]
[WhiteElo "2224"]
[BlackElo "2604"]
[Result "1-0"]
[Round "07"]
[TimeControl "180+2"]
[Date "2023.04.25"]
[WhiteClock "0:00:03"]
[BlackClock "0:00:04"]

1. e4 c5 2. Nf3 e6 3. d4 cxd4 4. Nxd4 Bc5 5. Nb3 Bb6 6. Na3 Ne7 7. Be2 O-O 8. O-O f5 9. Bd3 Nbc6 10. exf5 Nxf5 11. Nc4 Bc7 12. Ne3 Nh4 13. Ng4 d5 14. f4 Bb6+ 15. Kh1 Nf5 16. Bxf5 exf5 17. Ne5 Nxe5 18. fxe5 d4 19. Bf4 Be6 20. Rf3 Qd5 21. Rg3 Rf7 22. Qh5 Rc8 23. Rc1 Qe4 24. Rf1 Rxc2 25. Nd2 Qc6 26. Nf3 Bd5 27. Nh4 d3 28. Qg5 d2 29. Bxd2 Be4 30. Be3 Bc7 31. Bd4 Qe6 32. Bc3 h6 33. Qf4 g5 34. Qe3 Kh7 35. Nf3 Bd5 36. Rh3 Kg6 37. Rg3 f4 38. Qd3+ Kg7 39. Qxc2 fxg3 40. hxg3 Qg4 41. e6+ 1-0


[Site "https://www.chess.com"]

[Event "Titled Tuesday Blitz April 25 Late 2023"]
[White "Ismagilov, Damir"]
[Black "Smirnov, Pavel"]
[WhiteFideId "34199982"]
[BlackFideId "4123425"]
[WhiteElo "2078"]
[BlackElo "2519"]
[Result "1-0"]
[Round "07"]
[TimeControl "180+2"]
[Date "2023.04.25"]
[WhiteClock "0:00:16"]
[BlackClock "0:00:07"]

1. d4 Nf6 2. Nf3 d5 3. Bg5 Ne4 4. Bf4 c5 5. e3 Qb6 6. Nc3 Nxc3 7. bxc3 Nc6 8. Be2 Qa5 9. Qd2 e6 10. O-O Be7 11. Rab1 c4 12. Bg5 Bxg5 13. Nxg5 O-O 14. e4 h6 15. exd5 Qd8 16. dxc6 bxc6 17. Nf3 Ba6 18. Ne5 Qa5 19. Bxc4 Bxc4 20. Nxc4 Qxa2 21. Ne5 Qd5 22. c4 Qd6 23. Qe3 a5 24. c5 Qc7 25. Rb6 a4 26. Rxc6 Qa5 27. Qa3 Qd2 28. Rd6 Qxc2 29. h4 Rfb8 30. Qf3 f6 31. Nd7 Re8 32. Rxe6 Qb2 33. Rxe8+ Rxe8 34. Qd5+ Kh8 35. Qf7 Ra8 36. Nb6 Rb8 37. Nxa4 Qxd4 38. Nb6 Qxc5 39. Nd7 Qc7 40. Re1 Rg8 41. g3 Qd8 42. Re7 Qa8 43. Nc5 Qa1+ 44. Kg2 Qa8+ 45. Ne4 Qc6 46. Kh2 Qa6 47. Re8 Rxe8 48. Qxe8+ Kh7 49. Qe7 Qb6 50. Nxf6+ Qxf6 51. Qxf6 gxf6 52. h5 Kg7 53. Kg2 Kf7 54. Kf3 Ke6 55. Kf4 f5 56. Ke3 Ke5 57. f4+ Kd5 58. Kd3 Kc5 59. Ke3 Kd5 60. Kf3 Ke6 61. g4 fxg4+ 62. Kxg4 Kf6 63. Kg3 Ke6 64. Kf3 Kf5 65. Ke3 Kg4 66. Ke4 Kxh5 67. Kf5 Kh4 68. Kg6 Kg4 69. f5 h5 70. f6 h4 71. f7 h3 72. f8=Q h2 73. Qa8 Kg3 74. Qh1 1-0


[Site "https://www.chess.com"]

[Event "Titled Tuesday Blitz April 25 Late 2023"]
[White "Martinez Reyes, Pedro Ramon"]
[Black "Rozen, Eytan"]
[WhiteFideId "3901807"]
[BlackFideId "2816750"]
[WhiteElo "2340"]
[BlackElo "2451"]
[Result "0-1"]
[Round "07"]
[TimeControl "180+2"]
[Date "2023.04.25"]
[WhiteClock "0:00:20"]
[BlackClock "0:00:07"]

1. e4 c5 2. Nf3 e6 3. d4 cxd4 4. Nxd4 Nf6 5. Nc3 Nc6 6. Ndb5 d6 7. Bg5 Be7 8. Bxf6 Bxf6 9. Nxd6+ Ke7 10. Nxc8+ Rxc8 11. Bd3 Nb4 12. O-O Bxc3 13. bxc3 Rxc3 14. Rb1 Qd4 15. Qh5 Rc5 16. Qh4+ g5 17. Qg3 b6 18. e5 h6 19. Rfe1 Nxd3 20. cxd3 Rd8 21. Re3 Rdc8 22. Ree1 Rc2 23. Qf3 Qf4 24. Qb7+ R8c7 25. Qa8 Qxf2+ 26. Kh1 R7c6 27. Rg1 Qc5 28. Qh8 Rc1 29. Qf6+ Ke8 30. Qh8+ Ke7 31. Rbxc1 Qxc1 32. Qxh6 Qf4 33. h3 Qxe5 34. Qh5 Qf4 35. Qe2 Rc1 36. Rd1 Rxd1+ 37. Qxd1 Qd4 38. Qb3 a5 39. Qb5 Kf6 40. a4 Qa1+ 41. Kh2 Qe5+ 42. Qxe5+ Kxe5 43. Kg3 b5 44. axb5 a4 45. b6 Kd6 46. Kf3 a3 47. g4 a2 0-1


[Site "https://www.chess.com"]

[Event "Titled Tuesday Blitz April 25 Late 2023"]
[White "Lenaerts, Lennert"]
[Black "Djordjevic, Vuk"]
[WhiteFideId "211435"]
[BlackFideId "902098"]
[WhiteElo "2334"]
[BlackElo "2452"]
[Result "0-1"]
[Round "07"]
[TimeControl "180+2"]
[Date "2023.04.25"]
[WhiteClock "0:00:12"]
[BlackClock "0:00:05"]

1. d4 Nf6 2. c4 e6 3. Nc3 Bb4 4. g3 O-O 5. Bg2 d5 6. Nf3 dxc4 7. O-O Nc6 8. Qa4 a6 9. Ne5 Nxd4 10. Qxb4 Nc2 11. Qa4 Nxa1 12. Bf4 Nd5 13. Rxa1 f6 14. Nf3 b5 15. Qc2 Bb7 16. Rd1 Qe7 17. a4 c6 18. e4 Nxf4 19. gxf4 Rad8 20. Bh3 Rxd1+ 21. Nxd1 Rd8 22. Ne3 c5 23. axb5 axb5 24. Nd2 Qd6 25. Nb1 Kf7 26. Nc3 b4 27. Nxc4 Qxf4 28. Nb5 Bxe4 29. Nbd6+ Rxd6 30. Nxd6+ Qxd6 31. Qxe4 Qd1+ 32. Bf1 f5 33. Qc4 Qd6 34. Bd3 g6 35. Bc2 Kf6 36. Bb3 g5 37. h3 h5 38. Qb5 Ke5 39. Qe8 h4 40. Qh8+ Kf4 41. Qa8 e5 42. Qa1 Qd2 43. Qb1 e4 44. Qa1 e3 45. Be6 Qxf2+ 46. Kh1 Qf3+ 47. Kg1 Qg3+ 48. Kf1 Qxh3+ 49. Ke2 Qg2+ 50. Kd3 Qe4+ 51. Ke2 Qc2+ 52. Ke1 Qd2+ 0-1


[Site "https://www.chess.com"]

[Event "Titled Tuesday Blitz April 25 Late 2023"]
[White "Ehlvest, Jaan"]
[Black "Hambleton, Aman"]
[WhiteFideId "4500016"]
[BlackFideId "2606577"]
[WhiteElo "2442"]
[BlackElo "2511"]
[Result "1/2-1/2"]
[Round "07"]
[TimeControl "180+2"]
[Date "2023.04.25"]
[WhiteClock "0:00:07"]
[BlackClock "0:00:02"]

1. e4 b6 2. g3 Bb7 3. Bg2 e6 4. d3 g6 5. Nh3 Bg7 6. O-O Ne7 7. Nc3 d5 8. Bd2 c5 9. exd5 Nxd5 10. Nf4 O-O 11. Ncxd5 exd5 12. Rb1 Qd7 13. b4 cxb4 14. Bxb4 Re8 15. Qf3 Na6 16. Bd2 Nc7 17. h4 h5 18. c4 Rad8 19. Rfe1 Ba8 20. Rxe8+ Qxe8 21. Re1 Qd7 22. cxd5 Nxd5 23. Nxd5 Bxd5 24. Qxd5 Qxd5 25. Bxd5 Rxd5 26. Re8+ Kh7 27. Be3 Bf6 28. Ra8 Ra5 29. d4 Kg7 30. d5 Rxd5 31. Rxa7 b5 32. Kg2 Rf5 33. Rb7 Kf8 34. Kf1 Ke8 35. Ke2 Be7 36. Kd3 Bd6 37. Ke4 Re5+ 38. Kd4 Rf5 39. f4 Bc5+ 40. Ke4 Bxe3 41. Kxe3 Rc5 42. Kd4 Rc4+ 43. Kd5 Ra4 44. Ke5 Rxa2 45. Kf6 Ra6+ 46. Kg7 Ra3 47. Rxb5 Rxg3 48. Re5+ Kd7 49. Kxf7 Rg4 50. Re4 Kd6 51. Kf6 Kd5 52. Re5+ Kd4 53. Rg5 Rxf4+ 54. Kxg6 Rxh4 55. Rxh5 Rg4+ 56. Rg5 Rxg5+ 57. Kxg5 1/2-1/2


[Site "https://www.chess.com"]

[Event "Titled Tuesday Blitz April 25 Late 2023"]
[White "Ladan, Nicholas"]
[Black "Harshavardhan G B"]
[WhiteFideId "30918855"]
[BlackFideId "25059009"]
[WhiteElo "2167"]
[BlackElo "2323"]
[Result "0-1"]
[Round "07"]
[TimeControl "180+2"]
[Date "2023.04.25"]
[WhiteClock "0:00:03"]
[BlackClock "0:00:09"]

1. d4 Nf6 2. Nf3 g6 3. Nbd2 d5 4. e3 Bg7 5. b4 O-O 6. c4 c6 7. a4 Ne4 8. Nxe4 dxe4 9. Nd2 e5 10. d5 f5 11. Qb3 Nd7 12. dxc6 bxc6 13. c5+ Kh8 14. Nc4 Qe7 15. Nd6 Nf6 16. Bc4 f4 17. O-O f3 18. g3 Bh3 19. Rd1 h5 20. Nf7+ Rxf7 21. Bxf7 h4 22. Rd6 Bf5 23. Bb2 Rf8 24. Be6 Nd5 25. Bxf5 gxf5 26. Rxc6 hxg3 27. hxg3 Qf7 28. Qc4 Qh5 29. Rd1 Nxe3 30. fxe3 f2+ 31. Kxf2 Qxd1 32. Qe2 Qh1 33. Qf1 Qh5 34. Rd6 Qf3+ 35. Kg1 Qxe3+ 36. Qf2 Qb3 37. Bc1 Qxb4 38. Bh6 Qb1+ 39. Kh2 e3 40. Qg2 Rb8 41. Bxg7+ Kxg7 42. Rd7+ Kf8 0-1


[Site "https://www.chess.com"]

[Event "Titled Tuesday Blitz April 25 Late 2023"]
[White "Kepeshchuk, Mykhaylo"]
[Black "Goltsev, Dmitry"]
[WhiteFideId "14113139"]
[BlackFideId "24176710"]
[WhiteElo "2279"]
[BlackElo "2336"]
[Result "0-1"]
[Round "07"]
[TimeControl "180+2"]
[Date "2023.04.25"]
[WhiteClock "0:00:04"]
[BlackClock "0:00:05"]

1. d4 Nf6 2. c4 e6 3. g3 Bb4+ 4. Nd2 O-O 5. Bg2 d6 6. Nf3 Nbd7 7. O-O Bxd2 8. Qxd2 e5 9. b3 exd4 10. Nxd4 Nc5 11. Bb2 c6 12. Rad1 Re8 13. Nc2 Bf5 14. Ne3 Bg6 15. Qxd6 Qxd6 16. Rxd6 Nfe4 17. Rd4 a5 18. Rfd1 h6 19. Ba3 a4 20. b4 Nc3 21. bxc5 Nxe2+ 22. Kf1 Nxd4 23. Rxd4 Red8 24. Rxd8+ Rxd8 25. Bb4 a3 26. Bxa3 Ra8 27. Bb4 Rxa2 28. Bf3 Bd3+ 29. Kg2 g6 30. Bc3 f5 31. Be5 Kf7 32. h4 Ke6 33. Bc7 g5 34. hxg5 hxg5 35. Bb8 g4 36. Bd1 Rd2 37. Bb3 Rb2 38. Bd1 Be4+ 39. Kf1 Bd3+ 40. Ke1 Kf6 41. Bc7 Ke6 42. Bb8 Ra2 43. Bc7 Be4 44. Bb8 Bf3 45. Bf4 Ra1 46. Kd2 Ra2+ 47. Ke1 Ra5 48. Kd2 Rxc5 49. Bxf3 gxf3 50. Kc3 Ra5 51. Kd4 Ra2 52. Nd1 b6 53. Be3 Ra3 54. Nc3 c5+ 55. Kd3 Ra1 56. Nd5 Ra3+ 57. Kd2 Ke5 58. Nxb6 Ra2+ 59. Kd3 Ra3+ 60. Kd2 Ke4 61. Nd7 Ra2+ 62. Kd1 Kd3 63. Nxc5+ Kxc4 64. Ne6 Rb2 65. Nf4 Ra2 66. Ke1 Ra1+ 67. Kd2 Ra2+ 68. Ke1 Kc3 69. Nd5+ Kb3 70. Nf4 Kc2 0-1


[Site "https://www.chess.com"]

[Event "Titled Tuesday Blitz April 25 Late 2023"]
[White "Pakleza, Zbigniew"]
[Black "Kavutskiy, Konstantin"]
[WhiteFideId "1119290"]
[BlackFideId "2026384"]
[WhiteElo "2410"]
[BlackElo "2323"]
[Result "1-0"]
[Round "07"]
[TimeControl "180+2"]
[Date "2023.04.25"]
[WhiteClock "0:00:22"]
[BlackClock "0:00:07"]

1. d4 Nf6 2. Nf3 g6 3. Bf4 Bg7 4. e3 O-O 5. Be2 d6 6. h3 Nc6 7. O-O e5 8. Bh2 Ne4 9. c3 f5 10. b4 Kh8 11. b5 exd4 12. cxd4 Ne7 13. Qb3 b6 14. Rc1 Bb7 15. Nc3 Nxc3 16. Rxc3 Nd5 17. Rc2 Qe7 18. Rac1 Bh6 19. Bc4 Nxe3 20. fxe3 Qxe3+ 21. Qxe3 Bxe3+ 22. Kf1 Bxc1 23. Rxc1 a6 24. bxa6 Bxa6 25. Bxa6 Rxa6 26. Rxc7 Rxa2 27. Bxd6 Rfa8 28. Be5+ Kg8 29. Rg7+ Kf8 30. Ng5 Rc2 31. Nxh7+ Ke8 32. Rg8+ 1-0


[Site "https://www.chess.com"]

[Event "Titled Tuesday Blitz April 25 Late 2023"]
[White "Sieciechowicz, Marcin"]
[Black "Roebers, Eline"]
[WhiteFideId "1130170"]
[BlackFideId "1058401"]
[WhiteElo "2302"]
[BlackElo "2356"]
[Result "0-1"]
[Round "07"]
[TimeControl "180+2"]
[Date "2023.04.25"]
[WhiteClock "0:00:07"]
[BlackClock "0:01:06"]

1. d4 f5 2. Bf4 Nf6 3. e3 d6 4. h3 g6 5. Nf3 Bg7 6. Bc4 e6 7. O-O Qe7 8. c3 O-O 9. Nbd2 Kh8 10. a4 b6 11. Bh2 a6 12. Re1 Bb7 13. Qb3 Re8 14. Ng5 Nd5 15. Nxe6 Qxe6 16. e4 Nd7 17. Bxd5 Bxd5 18. Qxd5 Qxd5 19. exd5 b5 20. axb5 axb5 21. Rxa8 Rxa8 22. Re7 Rd8 23. Bg3 Bf6 24. Re6 Kg7 25. Nf3 h6 26. Ne5 Nf8 27. Nc6 Nxe6 28. dxe6 Ra8 29. Kf1 Ra1+ 30. Ke2 g5 31. f4 Rb1 32. b4 Rb2+ 33. Kf3 Rb1 34. fxg5 hxg5 35. Bf2 Rc1 36. g4 Rxc3+ 37. Ke2 Rxc6 38. gxf5 Rc4 0-1


[Site "https://www.chess.com"]

[Event "Titled Tuesday Blitz April 25 Late 2023"]
[White "Kuzmin, Roman"]
[Black "Weetik, Vjacheslav"]
[WhiteFideId "44134932"]
[BlackFideId "4153472"]
[WhiteElo "2192"]
[BlackElo "2469"]
[Result "0-1"]
[Round "07"]
[TimeControl "180+2"]
[Date "2023.04.25"]
[WhiteClock "0:00:08"]
[BlackClock "0:00:03"]

1. e4 c5 2. Nf3 Nc6 3. d4 cxd4 4. Nxd4 g6 5. Nc3 Bg7 6. Be3 Nf6 7. Nxc6 bxc6 8. e5 Ng8 9. Bd4 Qa5 10. Bc4 Bxe5 11. O-O f6 12. Re1 Bxd4 13. Qxd4 d5 14. Nxd5 cxd5 15. Bxd5 Rb8 16. Qc4 Nh6 17. Qf4 Qxd5 18. Qxf6 Ng8 19. Qxh8 Bb7 20. f3 Qf7 21. Rad1 Kf8 22. Qe5 Rc8 23. Rd7 Bc6 24. Rc7 Rxc7 25. Qxc7 Be8 26. Qxa7 Qc4 27. c3 Qb5 28. b4 Qc4 29. Qa3 Nf6 30. Qb3 Qd3 31. c4 Qd4+ 32. Qe3 Qd7 33. a4 Bf7 34. c5 Nd5 35. Qa3 Qf5 36. b5 Nf4 37. c6 Qg5 38. Qb2 Nd3 39. Qh8+ Bg8 40. c7 Qc5+ 41. Kh1 Nf2+ 42. Kg1 Nh3+ 43. Kh1 Qg1+ 0-1


[Site "https://www.chess.com"]

[Event "Titled Tuesday Blitz April 25 Late 2023"]
[White "Sviridov, Valery"]
[Black "Jimenez Almeida, Luis David"]
[WhiteFideId "4120680"]
[BlackFideId "22242244"]
[WhiteElo "2457"]
[BlackElo "2245"]
[Result "1-0"]
[Round "07"]
[TimeControl "180+2"]
[Date "2023.04.25"]
[WhiteClock "0:01:40"]
[BlackClock "0:00:27"]

1. d4 g6 2. e4 c6 3. Nc3 Bg7 4. Nf3 d6 5. h3 Nf6 6. a4 a5 7. Be2 Na6 8. O-O O-O 9. Be3 Nc7 10. Qd2 Re8 11. Rfd1 Nd7 12. Bc4 e6 13. Bg5 Bf6 14. Bxf6 Qxf6 15. e5 dxe5 16. Ne4 Qg7 17. dxe5 Nxe5 18. Nxe5 Qxe5 19. Nd6 Rf8 20. Re1 Qc5 21. Qf4 Nd5 22. Qg3 Rd8 23. Ne4 Qxc4 24. Qh4 Bd7 25. Nf6+ Nxf6 26. Qxc4 b6 27. Qd4 Nd5 28. Rad1 c5 29. Qe5 Bxa4 30. b3 Bc6 31. c4 Nb4 32. Rxd8+ Rxd8 33. Qc7 Rd3 34. Qxb6 Rxb3 35. Qxa5 Rc3 36. Qxc5 Nd3 37. Qd4 1-0


[Site "https://www.chess.com"]

[Event "Titled Tuesday Blitz April 25 Late 2023"]
[White "Cheparinov, Ivan"]
[Black "Karamsetty, Jeevan"]
[WhiteFideId "2905540"]
[BlackFideId "2025337"]
[WhiteElo "2613"]
[BlackElo "2111"]
[Result "1-0"]
[Round "07"]
[TimeControl "180+2"]
[Date "2023.04.25"]
[WhiteClock "0:01:39"]
[BlackClock "0:00:04"]

1. Nf3 g6 2. e4 Bg7 3. d4 d6 4. c3 Nf6 5. Bd3 O-O 6. O-O Nc6 7. Nbd2 e5 8. dxe5 dxe5 9. Nc4 Qe7 10. a4 Bg4 11. h3 Bxf3 12. Qxf3 Rad8 13. b4 Nh5 14. b5 Nb8 15. Ba3 Qg5 16. Bxf8 Bxf8 17. Rfd1 Nf4 18. Bf1 Re8 19. g3 Bc5 20. h4 Qh5 21. Qxh5 Nxh5 22. Kg2 f5 23. Rd5 b6 24. Rxe5 Rf8 25. exf5 Nd7 26. Re2 Rxf5 27. Rd1 Ndf6 28. f4 Ng4 29. Rd7 Nxf4+ 30. gxf4 Rxf4 31. Re8+ Bf8 32. Kg3 Rxf1 33. Kxg4 h5+ 34. Kg3 Rg1+ 35. Kf2 Rg4 36. Ne5 Rf4+ 37. Kg3 Rf5 38. Nxg6 1-0


[Site "https://www.chess.com"]

[Event "Titled Tuesday Blitz April 25 Late 2023"]
[White "Schmakel, Sam"]
[Black "Mortazavi, Ali"]
[WhiteFideId "2039311"]
[BlackFideId "401323"]
[WhiteElo "2356"]
[BlackElo "2339"]
[Result "0-1"]
[Round "07"]
[TimeControl "180+2"]
[Date "2023.04.25"]
[WhiteClock "0:00:03"]
[BlackClock "0:00:20"]

1. d4 Nf6 2. c4 g6 3. Nc3 Bg7 4. e4 O-O 5. h3 d6 6. Be3 c5 7. d5 b5 8. cxb5 a6 9. a4 Qa5 10. Qd2 Qb4 11. f3 Nh5 12. Bf2 Nd7 13. bxa6 Ne5 14. Bb5 c4 15. Nge2 Nd3+ 16. Kf1 f5 17. exf5 Bxf5 18. g4 Bxg4 19. hxg4 Rxf3 20. gxh5 Raf8 21. Kg1 Nxf2 22. Rh2 Qc5 23. Kg2 Ng4 24. Ne4 Rf2+ 25. Kg3 R8f3+ 26. Kxg4 Qc8+ 27. Kh4 Rxh2+ 0-1


[Site "https://www.chess.com"]

[Event "Titled Tuesday Blitz April 25 Late 2023"]
[White "Nasuta, Grzegorz"]
[Black "Liu, Casper"]
[WhiteFideId "1141686"]
[BlackFideId "1454153"]
[WhiteElo "2449"]
[BlackElo "2221"]
[Result "1-0"]
[Round "07"]
[TimeControl "180+2"]
[Date "2023.04.25"]
[WhiteClock "0:00:15"]
[BlackClock "0:00:36"]

1. e4 e5 2. Nf3 Nc6 3. Bc4 Bc5 4. O-O d6 5. c3 Bg4 6. d3 h6 7. Be3 Bb6 8. Nbd2 Nf6 9. a4 O-O 10. h3 Bh5 11. g4 Bg6 12. Bb3 Bh7 13. Qe2 Ne7 14. Nh4 Ng6 15. Nf5 d5 16. a5 Bxe3 17. fxe3 c6 18. a6 Rb8 19. axb7 Rxb7 20. Ra3 Qd7 21. Nxh6+ gxh6 22. Rxf6 Kg7 23. Rf1 Rd8 24. exd5 Qe7 25. dxc6 Rxb3 26. Rxb3 Qh4 27. Qg2 Rc8 28. Nf3 Qe7 29. Rb7 Rc7 30. Rxc7 Qxc7 31. Nd2 Ne7 32. Qf3 Bg6 33. Nc4 Nxc6 34. e4 Qd8 35. Kg2 Qe7 36. b4 Nd8 37. Ne3 Qe6 38. Nd5 Nb7 39. Qf6+ Qxf6 40. Rxf6 a5 41. Rb6 axb4 42. Rxb7 bxc3 43. Nxc3 1-0


[Site "https://www.chess.com"]

[Event "Titled Tuesday Blitz April 25 Late 2023"]
[White "Bitoon, Richard"]
[Black "Pesotskiy, Mikhail"]
[WhiteFideId "5201110"]
[BlackFideId "34164453"]
[WhiteElo "2374"]
[BlackElo "2131"]
[Result "1-0"]
[Round "07"]
[TimeControl "180+2"]
[Date "2023.04.25"]
[WhiteClock "0:01:15"]
[BlackClock "0:00:01"]

1. e4 e6 2. d4 d5 3. Nd2 Nf6 4. e5 Nfd7 5. Bd3 c5 6. c3 Nc6 7. Ne2 cxd4 8. cxd4 f6 9. Nf4 Qe7 10. O-O fxe5 11. dxe5 Ndxe5 12. Bb5 Qf7 13. Re1 Bd6 14. Nxd5 exd5 15. Nc4 O-O 16. Nxd6 Qxf2+ 17. Kh1 Bg4 18. Qxd5+ Kh8 19. Be3 Qxb2 20. Rab1 Qc3 21. Rbc1 Qb2 22. Rb1 Qc3 23. Bd2 Qa3 24. Bxc6 Nxc6 25. Nf7+ Rxf7 26. Qxf7 Rf8 27. Qxb7 Nd4 28. Bb4 1-0


[Site "https://www.chess.com"]

[Event "Titled Tuesday Blitz April 25 Late 2023"]
[White "Sztokbant, Bernardo Vainzoff"]
[Black "Larino Nieto, David"]
[WhiteFideId "2115956"]
[BlackFideId "2256444"]
[WhiteElo "2222"]
[BlackElo "2506"]
[Result "0-1"]
[Round "07"]
[TimeControl "180+2"]
[Date "2023.04.25"]
[WhiteClock "0:00:05"]
[BlackClock "0:00:03"]

1. e4 d5 2. exd5 Qxd5 3. Nc3 Qa5 4. d4 Nf6 5. Nf3 Nc6 6. h3 Ne4 7. Bd3 Nxc3 8. bxc3 Bf5 9. O-O e6 10. Rb1 O-O-O 11. Bf4 Bd6 12. Bd2 Bxd3 13. cxd3 Qf5 14. Qe2 g5 15. Nxg5 Rdg8 16. f4 h6 17. Ne4 Qxh3 18. Rb5 Rg4 19. Nf6 Rhg8 20. Nxg8 Rxg8 21. Qf3 Rg3 22. Qe4 a6 23. Rbb1 h5 24. Be1 Rg7 25. Qf3 Qg4 26. Qxg4 hxg4 27. Bd2 Ne7 28. c4 Nf5 29. Bc3 g3 30. d5 Rg4 31. dxe6 fxe6 32. Rbe1 Kd7 33. Re4 Rh4 34. Rf3 b5 35. cxb5 axb5 36. Be1 Rg4 37. Kf1 c5 38. Ke2 b4 39. Kd1 Rg8 40. Kc2 Ra8 41. Kb2 Be7 42. Re2 Bf6+ 43. Kb1 Nd4 44. Ree3 b3 45. axb3 Nxf3 46. Rxf3 Ra1+ 47. Kc2 Rxe1 48. Rxg3 Re2+ 49. Kd1 Rb2 50. Rg6 Bd4 51. g4 Rxb3 52. Ke2 Rb2+ 53. Kf3 Kd6 54. f5 Rf2+ 55. Kg3 Re2 56. fxe6 Rxe6 57. Rxe6+ Kxe6 58. Kf4 Kf6 59. Ke4 Kg5 60. Kf3 Bc3 61. Kg3 Bd4 62. Kf3 Bb2 63. Kg3 Bc1 64. Kf3 Kf6 65. Ke4 Bb2 66. Kd5 Bd4 67. Ke4 Ke6 68. g5 Ke7 69. Kf5 Kf7 70. Kf4 Kg6 71. Kg4 Be3 72. d4 Bxd4 73. Kf4 Bg1 74. Ke4 Kxg5 75. Kd3 Bd4 0-1


[Site "https://www.chess.com"]

[Event "Titled Tuesday Blitz April 25 Late 2023"]
[White "Averjanov, Alexey"]
[Black "Tomaszewski, Kacper"]
[WhiteFideId "14109867"]
[BlackFideId "1127373"]
[WhiteElo "2399"]
[BlackElo "2211"]
[Result "1-0"]
[Round "07"]
[TimeControl "180+2"]
[Date "2023.04.25"]
[WhiteClock "0:00:21"]
[BlackClock "0:00:01"]

1. d4 d5 2. c4 dxc4 3. e3 e6 4. Bxc4 a6 5. Nf3 Nf6 6. O-O Be7 7. Qe2 O-O 8. Rd1 b5 9. Bd3 Bb7 10. e4 Nbd7 11. e5 Nd5 12. Qe4 g6 13. Bh6 Re8 14. Nbd2 c5 15. Qg4 cxd4 16. Nb3 Nb4 17. Nbxd4 Nxd3 18. Rxd3 Nc5 19. Rdd1 Qb6 20. h4 Na4 21. b3 Nc3 22. Rd3 Nd5 23. h5 Rac8 24. Ng5 Rc3 25. hxg6 hxg6 26. Rxc3 Nxc3 27. Ngxe6 Bc8 28. Rc1 Nxa2 29. Rxc8 Rxc8 30. Ng5 Rc1+ 31. Kh2 Qc5 32. e6 Bd6+ 33. g3 Qd5 34. exf7+ Kh8 35. f3 Nc3 36. f8=Q+ Bxf8 37. Bxf8 Ne2 38. Qh4+ Kg8 39. Nde6 Rh1+ 40. Kxh1 Qd1+ 41. Kg2 Qg1+ 42. Kh3 Qh1+ 43. Kg4 Qxh4+ 44. gxh4 Ng1 45. Bc5 1-0


[Site "https://www.chess.com"]

[Event "Titled Tuesday Blitz April 25 Late 2023"]
[White "Spata, German"]
[Black "Erzhanov, Arman"]
[WhiteFideId "113026"]
[BlackFideId "4138821"]
[WhiteElo "2238"]
[BlackElo "2138"]
[Result "1-0"]
[Round "07"]
[TimeControl "180+2"]
[Date "2023.04.25"]
[WhiteClock "0:00:14"]
[BlackClock "0:00:35"]

1. e4 d6 2. d3 Nf6 3. Nf3 e5 4. g3 Nbd7 5. Bg2 Be7 6. O-O O-O 7. Re1 c6 8. c3 Re8 9. d4 Bf8 10. dxe5 dxe5 11. a4 Qc7 12. Na3 Nc5 13. Qc2 Bg4 14. Bg5 Nfd7 15. Nc4 f6 16. Be3 Be6 17. Nfd2 Nb6 18. Nxb6 axb6 19. b4 Nd7 20. Bf1 c5 21. Qb2 c4 22. Qa2 Rec8 23. f3 b5 24. a5 Ra6 25. Qb2 Rd6 26. Be2 Rd8 27. Nf1 Qc8 28. Rad1 Nb8 29. Rxd6 Rxd6 30. Rd1 Rxd1 31. Bxd1 Qd7 32. Be2 Nc6 33. Bf2 Kf7 34. Ne3 g6 35. Qa2 Nb8 36. Bf1 Bh6 37. Qc2 Qd6 38. Be2 Qd7 39. Nf1 Ke7 40. Be3 Bxe3+ 41. Nxe3 Nc6 42. Kf2 h5 43. h4 Kf7 44. Qc1 Nb8 45. Nf1 Nc6 46. Qh6 Ne7 47. Ne3 Kg8 48. Nf1 Bf7 49. Ke1 Qd6 50. Qe3 Nc8 51. Nd2 Kf8 52. f4 exf4 53. gxf4 Kg7 54. Nf3 Ne7 55. e5 fxe5 56. Qxe5+ Qf6 57. Nd4 Qxe5 58. fxe5 Be8 59. Bf3 Bc6 60. Bxc6 bxc6 61. a6 Nc8 62. Nxc6 Kf7 63. a7 Nxa7 64. Nxa7 Ke6 65. Nxb5 Kxe5 66. Na3 Kd5 67. Kf2 Ke4 68. Nxc4 Kd3 69. b5 Kxc4 70. b6 Kxc3 71. b7 Kd4 72. b8=Q Ke4 73. Qg3 Kf5 74. Qg5+ Ke6 75. Qxg6+ Ke5 76. Qxh5+ Kf4 77. Qg5+ Ke4 78. h5 Kd4 79. h6 1-0


[Site "https://www.chess.com"]